 Dungeon Crawl Stone Soup version 0.31-a0-198-g2ad674f65e (webtiles) character file.

Game seed: 5870154384357822545

30 qw the Shooter (level 3, 0/20 HPs)
             Began as a Deep Elf Hunter on June 25, 2023.
             Slain by a jackal (2 damage)
             ... on level 1 of the Dungeon.
             The game lasted 00:00:19 (743 turns).

qw the Shooter (Deep Elf Hunter)                     Turns: 743, Time: 00:00:20

Health: 0/20       AC:  5    Str: 10    XL:     3   Next: 3%
Magic:  5/5        EV: 11    Int: 13    God:
Gold:   67         SH:  0    Dex: 18    Spells: 2/2 levels left

rFire   . . .        Y - +0 shortbow
rCold   . . .        (shield currently unavailable)
rNeg    . . .        i - +0 ring mail
rPois   .            (no helmet)
rElec   .            (no cloak)
rCorr   .            (no gloves)
SInv    .            (no boots)
Will    .....        (no amulet)
Stlth   +            (no ring)
HPRegen 0.23/turn    (no ring)
MPRegen 0.09/turn

%: no passive effects
@: no status effects
A: no striking features
a: no special abilities


You were on level 1 of the Dungeon.
You visited 1 branch of the dungeon, and saw 2 of its levels.

You collected 67 gold pieces.


   Skills:
 - Level 1.5 Fighting
 + Level 6.6 Ranged Weapons
 - Level 2.4 Dodging
 - Level 1.2 Stealth


You had 2 spell levels left.
You didn't know any spells.
Your spell library was empty.

Inventory:

Hand Weapons
 Y - a +0 shortbow (weapon)
Armour
 i - a +0 ring mail (worn)
Scrolls
 a - a scroll of identify
Potions
 f - a potion of lignification {unknown}
 h - a potion of curing {unknown}

Dungeon Overview and Level Annotations

Branches:
Dungeon (2/15)

Altars:


Message History

The jackal bites you but does no damage. x2
You shoot an arrow.
The arrow hits the ball python but does no damage.
The ball python bites you. The ball python constricts you.
The jackal bites you. The jackal barely misses you.
The ball python bites you but does no damage.
The ball python constricts you.
The jackal bites you but does no damage. x2
You shoot an arrow.
The arrow closely misses the ball python.
The jackal barely misses you. The jackal closely misses you.
The ball python bites you. The ball python constricts you.
You shoot an arrow.
The arrow hits the ball python but does no damage.
The jackal bites you but does no damage.
The jackal bites you. The ball python bites you.
The ball python constricts you.
The jackal bites you. x2; The ball python closely misses you.
The ball python constricts you.
You shoot an arrow. The arrow hits the ball python.
You kill the ball python!
The jackal closely misses you. x3; The jackal barely misses you.
You have reached level 3!
Your experience leads to an increase in your attributes!
Increase (S)trength, (I)ntelligence, or (D)exterity?
You feel stronger. x2
739 ||| STAIRDANCE The jackal barely misses you.
The jackal completely misses you.
You climb upwards.
There is a stone staircase leading down here.
You shoot an arrow. The arrow closely misses the jackal.
The jackal barely misses you.
The jackal bites you but does no damage.
The jackal barely misses you. x2
You shoot an arrow. The arrow hits the jackal.
You kill the jackal!
The jackal barely misses you.
You shoot an arrow. The arrow hits the jackal.
The jackal is almost dead.
The jackal bites you. x2
You die...

.####....>.....#..+........# #
..#.....#...#....##........# #
....~..8######...#.........# #
~..~...###.........###.###.# #
~~~.....##.#####%#%..%.# #.# #
.~~~~....#.#####.#.#######.######
..~~~~~..#.#.....#+## #...).....
.~~~~....#.#.....%..# #...######
~~~.....##.#....@...# #...#
~..~...###.......h..# #####
....~..8##..........#
..#.....##..........#
.####....#..........# ##
###..#####.###### .# #### #.# .#
#.# .# ######.#####


You could see a jackal.

Vanquished Creatures
  A dart slug (D:2)
  A ball python (D:2)
  2 giant cockroaches (D:1)
  2 goblins
  A hobgoblin (D:1)
  8 jackals
  5 bats
  3 frilled lizards
  2 kobolds (D:1)
  2 rats
27 creatures vanquished.

Notes
Turn   | Place    | Note
-------+----------+-------------------------------------------
     0 | D:1      | qw the Deep Elf Hunter began the quest for the Orb.
     0 | D:1      | Reached XP level 1. HP: 12/12 MP: 3/3
     0 | D:1      | 0 ||| qw: Version: 0.3-a-22-g0ed2b0b
     0 | D:1      | 0 ||| qw: Game counter: 5161
     0 | D:1      | 0 ||| qw: Melee chars always use a shield: true
     0 | D:1      | 0 ||| qw: God list: Okawaru
     0 | D:1      | 0 ||| qw: Allow faded altars: false
     0 | D:1      | 0 ||| qw: Do Orc after clearing Dungeon:15 true
     0 | D:1      | 0 ||| qw: Do second Lair branch before Depths: true
     0 | D:1      | 0 ||| qw: Lair rune preference: random
     0 | D:1      | 0 ||| qw: Goals: Normal
     0 | D:1      | 0 ||| PLANNING D:1-11
   350 | D:1      | Reached skill level 6 in Ranged Weapons
   350 | D:1      | Reached XP level 2. HP: 16/16 MP: 4/4
   566 | D:1      | 566 ||| UPGRADING to +0 ring mail.
   576 | D:1      | 576 ||| DROPPING +0 leather armour.
   577 | D:1      | 577 ||| READING 2 scrolls labelled JIBBAH LYFI.
   578 | D:1      | 578 ||| READING scroll labelled ANGUVU WITT.
   579 | D:1      | 579 ||| READING scroll labelled MEEXKE CEUD.
   580 | D:1      | 580 ||| READING scroll labelled JYMUUVAL KESTOT.
   581 | D:1      | 581 ||| DRINKING 2 silvery potions.
   585 | D:1      | 585 ||| DROPPING scroll of butterflies.
   586 | D:1      | 586 ||| DROPPING potion of ambrosia.
   718 | D:2      | 718 ||| FLEEEEING.
   719 | D:2      | 719 ||| FLEEEEING.
   720 | D:2      | 720 ||| STAIRDANCE
   737 | D:2      | HP: 4/16 [ball python (1)]
   737 | D:2      | HP: 1/16 [jackal (2)]
   739 | D:2      | Reached XP level 3. HP: 2/20 MP: 5/5
   739 | D:2      | 739 ||| STAIRDANCE
   743 | D:1      | HP: 2/20 [jackal (1)]
   743 | D:1      | Slain by a jackal

Levels and vault maps discovered:
D:1:      eino_arrival_water_star, layout_basic
D:2:      layout_loops_cross, uniq_crazy_yiuf_cottage

Skill      XL: |  1 |
---------------+----+-----
Ranged Weapons | 6 |  6.6
Fighting       | |  1.5
Dodging        | |  2.4
Stealth        | |  1.2

Action                     || total
---------------------------++-------
   Fire: Shortbow          ||    71
    Use: Scroll            ||     4
         Potion            ||     1
 Armour: Leather armour    ||    11
         Ring mail         ||     9
  Dodge: Dodged            ||    37

Table legend:
 A = Non-vault XP
 B = Vault XP
 C = Vault XP percentage of total XP
 D = Non-vault monster count
 E = Vault monster count
 F = Vault count percentage of total count
                 A         B        C        D         E       F
            +---------+---------+-------+---------+---------+-------
      Total |      43 |       0 |   0.0 |      27 |       0 |   0.0
            +---------+---------+-------+---------+---------+-------
        D:1 |      26 |       0 |   0.0 |      17 |       0 |   0.0
        D:2 |      17 |       0 |   0.0 |      10 |       0 |   0.0
            +---------+---------+-------+---------+---------+-------
